Coyotes vs Capitals
Created - 10 janvier 2014 at 19:03
Goals
|
| Coyotes |
1 |
1 |
1 |
3 |
| Capitals |
0 |
0 |
2 |
2 |
|
Shots
|
| Coyotes |
17 |
12 |
8 |
37 |
| Capitals |
8 |
2 |
17 |
27 |
|
1st period
1. Coyotes , Drew Miller 12 (Frans Nielsen, Sami Lepisto) at 8:30
Penalties :
Denis Grebeshkov (Pho) for Tripping (Minor) at 10:35, Maxim Lapierre (Pho) for Hooking (Minor) at 13:42, Ryan Suter (Was) for Roughing (Minor) at 17:37
2nd period
2. Coyotes , Craig Adams 3 (Kurt Sauer) at 17:40
Penalties :
Brian Rafalski (Was) for Holding (Minor) at 1:12, Denis Grebeshkov (Pho) for Holding (Minor) at 1:12, Frans Nielsen (Pho) for Tripping (Minor) at 7:48, Brian Rafalski (Was) for Hooking (Minor) at 11:39, Denis Grebeshkov (Pho) for Holding (Minor) at 11:39, Evgeni Malkin (Was) for Roughing (Minor) at 18:34, Lukas Krajicek (Pho) for High sticking (Minor) at 18:34
3rd period
3. Coyotes , Maxim Lapierre 6 (Kurt Sauer) at 7:35
4. Capitals , Chris Kunitz 5 (Peter Regin, Ryan Suter) at 11:57
5. Capitals , Thomas Vanek 14 (Bobby Ryan, Brooks Laich) at 16:12
Penalties :
Frans Nielsen (Pho) for Tripping (Minor) at 2:28
Goalie Stats
Ryan Miller (Pho), 25 saves from 27 shots - (0,926), W, 15-16-3, 60:00 minutes
Niklas Backstrom (Was), 34 saves from 37 shots - (0,919), L, 6-7-2, 60:00 minutes
Players Stats for Coyotes
Player Name G A P +/- PIM S H SB GA TA FO MP PP MP PK MP
------------------------------------------------------------------------------------
Bill Guerin 0 0 0 1 0 0 5 0 0 0 0/1 13:27 0:55 0:00
Brenden Morrow 0 0 0 -2 0 6 0 0 1 0 2/3 19:47 1:01 1:07
Chad Larose 0 0 0 1 0 4 0 1 0 0 5/6 12:51 0:03 4:19
Craig Adams 1 0 1 1 0 3 0 2 1 1 0/0 10:09 0:00 2:49
Denis Grebeshkov 0 0 0 1 6 3 1 1 0 0 0/0 25:03 1:15 3:39
Drew Miller 1 0 1 1 0 2 1 0 0 1 0/1 15:47 0:55 4:08
Frans Nielsen 0 1 1 1 4 1 2 1 0 0 6/13 15:24 0:55 1:26
Jiri Fischer 0 0 0 0 0 0 1 1 0 0 0/0 20:48 0:00 2:54
Joël Perrault 0 0 0 1 0 0 1 0 0 0 1/3 8:53 0:00 1:48
Kurt Sauer 0 2 2 1 0 0 4 1 0 0 0/0 27:37 1:15 5:02
Lukas Krajicek 0 0 0 0 2 0 2 0 0 1 0/0 14:45 0:00 0:00
Marian Gaborik 0 0 0 -2 0 7 2 1 2 0 0/2 20:33 1:01 0:00
Matt Irwin 0 0 0 0 0 0 0 2 0 0 0/0 12:59 0:44 1:23
Maxim Lapierre 1 0 1 1 2 3 0 0 1 0 1/5 8:24 0:00 0:15
Riley Cote 0 0 0 1 0 3 0 0 0 1 0/0 7:21 0:03 0:00
Sami Lepisto 0 1 1 0 0 0 1 0 0 1 0/0 20:31 0:44 2:54
Sergei Samsonov 0 0 0 1 0 2 0 1 1 0 0/0 11:04 0:03 0:00
Tim Connolly 0 0 0 -2 0 3 2 0 1 0 14/22 20:37 1:01 0:00
Players Stats for Capitals
Player Name G A P +/- PIM S H SB GA TA FO MP PP MP PK MP
------------------------------------------------------------------------------------
Adam Hall 0 0 0 1 0 0 0 0 0 0 1/1 9:01 0:18 0:00
Ales Hemsky 0 0 0 -1 0 1 0 0 0 0 2/6 12:35 3:49 0:00
Anton Volchenkov 0 0 0 -3 0 2 2 1 0 1 0/0 18:26 0:00 0:54
Bobby Ryan 0 1 1 0 0 3 0 0 1 0 0/0 16:10 3:40 0:00
Braydon Coburn 0 0 0 -2 0 0 0 1 0 0 0/0 20:59 3:01 1:05
Brian Rafalski 0 0 0 1 4 2 2 1 0 1 0/0 25:37 4:55 0:17
Brooks Laich 0 1 1 0 0 1 2 0 0 0 8/13 18:25 3:41 0:00
Bryce Salvador 0 0 0 1 0 2 1 0 0 0 0/0 14:12 0:00 1:05
Chris Kunitz 1 0 1 1 0 2 2 0 0 0 1/4 12:15 0:35 0:31
Evgeni Malkin 0 0 0 -1 2 2 0 0 1 0 4/11 20:44 3:49 0:57
Joe Corvo 0 0 0 1 0 3 3 1 0 1 0/0 16:55 3:01 0:37
Nicklas Backstrom 0 0 0 -1 0 2 0 0 1 0 10/17 18:56 3:49 0:31
Peter Regin 0 1 1 1 0 1 1 0 1 0 1/2 8:13 0:00 0:31
Pierre-Alexandre Parente 0 0 0 -1 0 1 0 0 0 0 0/0 8:32 0:00 0:00
Ryan Suter 0 1 1 0 2 1 0 2 0 2 0/0 24:14 4:55 0:00
Steve Sullivan 0 0 0 -1 0 1 1 0 0 0 0/0 9:23 0:18 0:00
Thomas Vanek 1 0 1 0 0 3 2 1 0 1 0/0 15:00 0:00 0:31
Zach Parise 0 0 0 -1 0 0 5 1 1 1 0/2 22:23 3:49 0:57
3 Stars
1 - Kurt Sauer (Pho)
2 - Chris Kunitz (Was)
3 - Drew Miller (Pho)
Power Play
Coyotes - 0 on 1 Attempt(s) - 0,00%
Capitals - 0 on 4 Attempt(s) - 0,00%
Penalty Kill
Coyotes - 4 on 4 Attempt(s) - 100,00%
- Score 0 goal in Penalty Kill
Capitals - 1 on 1 Attempt(s) - 100,00%
- Score 0 goal in Penalty Kill
Official
Referees : Rehman Kyle and Pochmara Brian
Linesman : Steve Miller and David Brisebois
Game Notes
No Game Note
Finance
Level 1 -- Attendance: 6000 (100,00%) -- Ticket Income 456 000 $
Level 2 -- Attendance: 5000 (100,00%) -- Ticket Income 210 000 $
Level 3 -- Attendance: 1896 (94,80%) -- Ticket Income 49 296 $
Level 4 -- Attendance: 3494 (87,35%) -- Ticket Income 59 398 $
Luxury Box -- Attendance: 914 (91,40%) -- Ticket Income 148 068 $
Game was played at the Verizon Center
Total Attendance: 17304 (96,13%)
Total Ticket Income: 922 762 $
Other Income: 138 414 $
Total Income: 1 061 176 $
Coyotes
5 vs 5 Forward
Center Left Wing Right Wing Time % Phy DF OF
1 Tim Connolly Brenden Morrow Marian Gaborik 40 1 2 2
2 Frans Nielsen Drew Miller Bill Guerin 30 1 2 2
3 Maxim Lapierre Sergei Samsonov Chad Larose 20 1 2 2
4 Joël Perrault Riley Cote Craig Adams 10 1 2 2
5 vs 5 Defense
Defense Defense Time % Phy DF OF
1 Kurt Sauer Denis Grebeshkov 40 1 2 2
2 Jiri Fischer Sami Lepisto 30 1 2 2
3 Lukas Krajicek Matt Irwin 20 1 2 2
4 Kurt Sauer Denis Grebeshkov 10 1 2 2
PowerPlay Forward
Center Left Wing Right Wing Time % Phy DF OF
1 Tim Connolly Brenden Morrow Marian Gaborik 60 1 2 2
2 Frans Nielsen Drew Miller Bill Guerin 40 1 2 2
PowerPlay Defense
Defense Defense Time % Phy DF OF
1 Kurt Sauer Denis Grebeshkov 60 1 2 2
2 Matt Irwin Sami Lepisto 40 1 2 2
Penalty Kill 4 Players Forward
Center Wing Time % Phy DF OF
1 Chad Larose Drew Miller 60 1 2 2
2 Frans Nielsen Craig Adams 40 1 2 2
Penalty Kill 4 Players Defense
Defense Defense Time % Phy DF OF
1 Kurt Sauer Denis Grebeshkov 60 1 2 2
2 Jiri Fischer Sami Lepisto 40 1 2 2
Penalty Kill - 3 Players Forward
Forward Time % Phy DF OF
1 Drew Miller 60 1 2 2
2 Chad Larose 40 1 2 2
Penalty Kill - 3 Players Defense
Defense Defense Time % Phy DF OF
1 Kurt Sauer Denis Grebeshkov 60 1 2 2
2 Jiri Fischer Sami Lepisto 40 1 2 2
4 vs 4 Forward
Center Wing Time % Phy DF OF
1 Tim Connolly Marian Gaborik 60 1 2 2
2 Frans Nielsen Brenden Morrow 40 1 2 2
4 vs 4 Defense
Defense Defense Time % Phy DF OF
1 Kurt Sauer Denis Grebeshkov 60 1 2 2
2 Jiri Fischer Sami Lepisto 40 1 2 2
Last Minutes Offensive
Center Left Wing Right Wing Defense Defense
Tim Connolly Brenden Morrow Marian Gaborik Kurt Sauer Denis Grebeshkov
Last Minutes Defensive
Center Left Wing Right Wing Defense Defense
Tim Connolly Brenden Morrow Marian Gaborik Kurt Sauer Denis Grebeshkov
Goaltenders
Starting : Ryan Miller
Backup : Al Montoya
Extra Forwards
Normal : Bill Guerin, Sergei Samsonov, Craig Adams - PP : Bill Guerin, Sergei Samsonov - PK : Craig Adams
Extra Defensemen
Normal : Lukas Krajicek, Matt Irwin, Jiri Fischer - PP : Lukas Krajicek - PK : Matt Irwin, Jiri Fischer
Penalty Shots
Marian Gaborik, Brenden Morrow, Tim Connolly, Frans Nielsen, Drew Miller
Capitals
5 vs 5 Forward
Center Left Wing Right Wing Time % Phy DF OF
1 Nicklas Backstrom Zach Parise Evgeni Malkin 42 0 1 4
2 Brooks Laich Thomas Vanek Bobby Ryan 31 0 1 4
3 Ales Hemsky Steve Sullivan Pierre-Alexandre Parentea24 0 2 3
4 Peter Regin Chris Kunitz Adam Hall 3 1 3 1
5 vs 5 Defense
Defense Defense Time % Phy DF OF
1 Brian Rafalski Ryan Suter 40 1 2 2
2 Anton Volchenkov Braydon Coburn 30 1 3 1
3 Bryce Salvador Joe Corvo 20 1 3 1
4 Braydon Coburn Brian Rafalski 10 1 2 2
PowerPlay Forward
Center Left Wing Right Wing Time % Phy DF OF
1 Evgeni Malkin Zach Parise Bobby Ryan 60 0 1 4
2 Brooks Laich Nicklas Backstrom Ales Hemsky 40 0 1 4
PowerPlay Defense
Defense Defense Time % Phy DF OF
1 Brian Rafalski Ryan Suter 60 0 1 4
2 Joe Corvo Braydon Coburn 40 0 1 4
Penalty Kill 4 Players Forward
Center Wing Time % Phy DF OF
1 Evgeni Malkin Zach Parise 60 1 3 1
2 Nicklas Backstrom Thomas Vanek 40 1 3 1
Penalty Kill 4 Players Defense
Defense Defense Time % Phy DF OF
1 Braydon Coburn Bryce Salvador 60 1 4 0
2 Anton Volchenkov Ryan Suter 40 1 4 0
Penalty Kill - 3 Players Forward
Forward Time % Phy DF OF
1 Evgeni Malkin 60 0 5 0
2 Zach Parise 40 0 4 0
Penalty Kill - 3 Players Defense
Defense Defense Time % Phy DF OF
1 Braydon Coburn Bryce Salvador 60 1 4 0
2 Anton Volchenkov Ryan Suter 40 1 4 0
4 vs 4 Forward
Center Wing Time % Phy DF OF
1 Evgeni Malkin Zach Parise 60 0 2 3
2 Brooks Laich Thomas Vanek 40 0 2 3
4 vs 4 Defense
Defense Defense Time % Phy DF OF
1 Brian Rafalski Ryan Suter 60 0 3 2
2 Joe Corvo Bryce Salvador 40 0 3 2
Last Minutes Offensive
Center Left Wing Right Wing Defense Defense
Evgeni Malkin Zach Parise Bobby Ryan Braydon Coburn Bryce Salvador
Last Minutes Defensive
Center Left Wing Right Wing Defense Defense
Evgeni Malkin Zach Parise Bobby Ryan Braydon Coburn Bryce Salvador
Goaltenders
Starting : Niklas Backstrom
Backup : Nikolai Khabibulin
Extra Forwards
Normal : Chris Kunitz, Nicklas Backstrom, Peter Regin - PP : Chris Kunitz, Nicklas Backstrom - PK : Peter Regin
Extra Defensemen
Normal : Ryan Suter, Brian Rafalski, Anton Volchenkov - PP : Brian Rafalski - PK : Ryan Suter, Joe Corvo
Penalty Shots
Evgeni Malkin, Zach Parise, Nicklas Backstrom, Thomas Vanek, Bobby Ryan
% Time on Ice - Coyotes
Lines # - Real PCT - Wanted PCT - Time Play
Normal Forward
1 - 40% - 40% - 17:15
2 - 26% - 30% - 11:17
3 - 18% - 20% - 7:36
4 - 16% - 10% - 6:55
Normal Defense
1 - 39% - 40% - 16:35
2 - 34% - 30% - 14:45
3 - 25% - 20% - 10:47
4 - 2% - 10% - 0:56
PP Forward
1 - 54% - 60% - 1:04
2 - 46% - 40% - 0:55
PP Defense
1 - 63% - 60% - 1:15
2 - 37% - 40% - 0:44
PK Forward
1 - 68% - 60% - 5:22
2 - 32% - 40% - 2:34
PK Defense
1 - 63% - 60% - 5:02
2 - 37% - 40% - 2:54
PK3 Forward
1 - 0% - 60%
2 - 0% - 40%
PK3 Defense
1 - 0% - 60%
2 - 0% - 40%
44 Forward
1 - 71% - 60% - 4:13
2 - 29% - 40% - 1:44
44 Defense
1 - 64% - 60% - 3:49
2 - 36% - 40% - 2:08
Last Minute Offensive - 0:00
Last Minute Defensive - 1:05
Total
Forward - 60:00
Defense - 60:00
|
% Time on Ice - Capitals
Lines # - Real PCT - Wanted PCT - Time Play
Normal Forward
1 - 32% - 42% - 13:43
2 - 33% - 31% - 14:02
3 - 20% - 24% - 8:32
4 - 16% - 3% - 6:47
Normal Defense
1 - 35% - 40% - 15:02
2 - 31% - 30% - 13:33
3 - 26% - 20% - 11:02
4 - 8% - 10% - 3:27
PP Forward
1 - 52% - 60% - 4:07
2 - 48% - 40% - 3:49
PP Defense
1 - 62% - 60% - 4:55
2 - 38% - 40% - 3:01
PK Forward
1 - 74% - 60% - 1:28
2 - 26% - 40% - 0:31
PK Defense
1 - 55% - 60% - 1:05
2 - 45% - 40% - 0:54
PK3 Forward
1 - 0% - 60%
2 - 0% - 40%
PK3 Defense
1 - 0% - 60%
2 - 0% - 40%
44 Forward
1 - 80% - 60% - 4:44
2 - 20% - 40% - 1:13
44 Defense
1 - 66% - 60% - 3:55
2 - 34% - 40% - 2:02
Last Minute Offensive - 1:04
Last Minute Defensive - 0:00
Total
Forward - 60:00
Defense - 60:00
|
Play by Play
1st period
0:01 of 1st period - Tim Connolly wins face-off versus Nicklas Backstrom in neutral zone.
0:04 of 1st period - Brian Rafalski is hit by Tim Connolly and loses puck.
0:09 of 1st period - Slapshot by Marian Gaborik.
0:09 of 1st period - Shot Misses the Net.
0:25 of 1st period - Denis Grebeshkov is hit by Brooks Laich and loses puck.
1:12 of 1st period - Snap shot by Craig Adams.
1:12 of 1st period - Shot Blocked by Braydon Coburn.
1:14 of 1st period - Wrist shot by Riley Cote.
1:14 of 1st period - Stopped by Niklas Backstrom with a rebound.
1:36 of 1st period - Snap shot by Zach Parise.
1:36 of 1st period - Deflect By Nicklas Backstrom.
1:36 of 1st period - Shot Misses the Net.
1:36 of 1st period - Puck is out of play.
1:37 of 1st period - Frans Nielsen wins face-off versus Brooks Laich in Coyotes zone.
1:37 of 1st period - Frans Nielsen is hit by Brooks Laich.
1:45 of 1st period - Backhand shot by Denis Grebeshkov.
1:45 of 1st period - Stopped by Niklas Backstrom without a rebound.
1:46 of 1st period - Frans Nielsen wins face-off versus Brooks Laich in Capitals zone.
2:01 of 1st period - Wrist shot by Frans Nielsen.
2:01 of 1st period - Stopped by Niklas Backstrom without a rebound.
2:02 of 1st period - Tim Connolly wins face-off versus Nicklas Backstrom in Capitals zone.
2:07 of 1st period - Wrist shot by Marian Gaborik.
2:07 of 1st period - Stopped by Niklas Backstrom with a rebound.
2:09 of 1st period - Wrist shot by Tim Connolly.
2:09 of 1st period - Shot Blocked by Zach Parise.
2:11 of 1st period - Wrist shot by Tim Connolly.
2:11 of 1st period - Deflect By Marian Gaborik.
2:11 of 1st period - Stopped by Niklas Backstrom without a rebound.
2:12 of 1st period - Tim Connolly wins face-off versus Zach Parise in Capitals zone.
2:57 of 1st period - Slapshot by Tim Connolly.
2:57 of 1st period - Stopped by Niklas Backstrom without a rebound.
2:58 of 1st period - Maxim Lapierre wins face-off versus Ales Hemsky in Capitals zone.
3:01 of 1st period - Snap shot by Chad Larose.
3:01 of 1st period - Stopped by Niklas Backstrom with a rebound.
3:03 of 1st period - Slapshot by Lukas Krajicek.
3:03 of 1st period - Shot Blocked by Joe Corvo.
3:05 of 1st period - Wrist shot by Maxim Lapierre.
3:05 of 1st period - Shot Misses the Net.
4:26 of 1st period - Slapshot by Marian Gaborik.
4:26 of 1st period - Stopped by Niklas Backstrom with a rebound.
5:08 of 1st period - Wrist shot by Riley Cote.
5:08 of 1st period - Stopped by Niklas Backstrom with a rebound.
5:16 of 1st period - Slapshot by Riley Cote.
5:16 of 1st period - Stopped by Niklas Backstrom with a rebound.
6:08 of 1st period - Wrist shot by Sergei Samsonov.
6:08 of 1st period - Stopped by Niklas Backstrom without a rebound.
6:09 of 1st period - Tim Connolly wins face-off versus Nicklas Backstrom in Capitals zone.
6:10 of 1st period - Snap shot by Marian Gaborik.
6:10 of 1st period - Stopped by Niklas Backstrom with a rebound.
7:20 of 1st period - Snap shot by Steve Sullivan.
7:20 of 1st period - Shot Misses the Net.
8:07 of 1st period - Thomas Vanek is hit by Marian Gaborik and loses puck.
8:30 of 1st period - Snap shot by Drew Miller.
8:30 of 1st period - Goal by Drew Miller - Coyotes : 1 - Capitals : 0.
8:31 of 1st period - Evgeni Malkin wins face-off versus Tim Connolly in neutral zone.
8:42 of 1st period - Slapshot by Tim Connolly.
8:42 of 1st period - Stopped by Niklas Backstrom with a rebound.
9:23 of 1st period - Slapshot by Ales Hemsky.
9:23 of 1st period - Shot Blocked by Chad Larose.
9:25 of 1st period - Slapshot by Bryce Salvador.
9:25 of 1st period - Stopped by Ryan Miller with a rebound.
9:27 of 1st period - Slapshot by Joe Corvo.
9:27 of 1st period - Shot Blocked by Sergei Samsonov.
9:39 of 1st period - Adam Hall is hit by Lukas Krajicek and loses puck.
10:00 of 1st period - Slapshot by Tim Connolly.
10:00 of 1st period - Stopped by Niklas Backstrom without a rebound.
10:01 of 1st period - Nicklas Backstrom wins face-off versus Marian Gaborik in Capitals zone.
10:06 of 1st period - Snap shot by Marian Gaborik.
10:06 of 1st period - Shot Misses the Net.
10:08 of 1st period - Snap shot by Brenden Morrow.
10:08 of 1st period - Stopped by Niklas Backstrom with a rebound.
10:10 of 1st period - Wrist shot by Brenden Morrow.
10:10 of 1st period - Stopped by Niklas Backstrom without a rebound.
10:11 of 1st period - Nicklas Backstrom wins face-off versus Marian Gaborik in Capitals zone.
10:18 of 1st period - Wrist shot by Tim Connolly.
10:18 of 1st period - Shot Blocked by Anton Volchenkov.
10:35 of 1st period - Minor Penalty to Denis Grebeshkov for Tripping.
10:36 of 1st period - Evgeni Malkin wins face-off versus Chad Larose in Coyotes zone.
10:39 of 1st period - Snap shot by Evgeni Malkin.
10:39 of 1st period - Stopped by Ryan Miller without a rebound.
10:40 of 1st period - Chad Larose wins face-off versus Evgeni Malkin in Coyotes zone.
11:34 of 1st period - Snap shot by Evgeni Malkin.
11:34 of 1st period - Stopped by Ryan Miller without a rebound.
11:35 of 1st period - Chad Larose wins face-off versus Evgeni Malkin in Coyotes zone.
11:54 of 1st period - Snap shot by Nicklas Backstrom.
11:54 of 1st period - Stopped by Ryan Miller without a rebound.
11:55 of 1st period - Brooks Laich wins face-off versus Frans Nielsen in Coyotes zone.
12:23 of 1st period - Icing by Nicklas Backstrom.
12:24 of 1st period - Chad Larose wins face-off versus Brooks Laich in Capitals zone.
12:35 of 1st period - Penalty to Denis Grebeshkov is over, Denis Grebeshkov is back on ice.
12:39 of 1st period - Slapshot by Ales Hemsky.
12:39 of 1st period - Stopped by Ryan Miller with a rebound.
12:41 of 1st period - Snap shot by Brian Rafalski.
12:41 of 1st period - Deflect By Jiri Fischer.
12:41 of 1st period - Stopped by Ryan Miller without a rebound.
12:42 of 1st period - Tim Connolly wins face-off versus Peter Regin in Coyotes zone.
13:38 of 1st period - Maxim Lapierre is hit by Peter Regin and loses puck.
13:42 of 1st period - Minor Penalty to Maxim Lapierre for Hooking.
13:43 of 1st period - Evgeni Malkin wins face-off versus Drew Miller in Coyotes zone.
14:09 of 1st period - Brooks Laich is hit by Frans Nielsen.
15:36 of 1st period - Chris Kunitz is hit by Jiri Fischer and loses puck.
15:42 of 1st period - Penalty to Maxim Lapierre is over, Maxim Lapierre is back on ice.
15:43 of 1st period - Jiri Fischer is hit by Steve Sullivan and loses puck.
15:59 of 1st period - Icing by Craig Adams.
16:00 of 1st period - Peter Regin wins face-off versus Tim Connolly in Coyotes zone.
17:08 of 1st period - Icing by Steve Sullivan.
17:09 of 1st period - Ales Hemsky wins face-off versus Tim Connolly in Capitals zone.
17:20 of 1st period - Snap shot by Ales Hemsky.
17:20 of 1st period - Shot Misses the Net.
17:22 of 1st period - Slapshot by Anton Volchenkov.
17:22 of 1st period - Shot Blocked by Denis Grebeshkov.
17:24 of 1st period - Slapshot by Anton Volchenkov.
17:24 of 1st period - Shot Hit the Post.
17:26 of 1st period - Snap shot by Pierre-Alexandre Parenteau.
17:26 of 1st period - Stopped by Ryan Miller without a rebound.
17:27 of 1st period - Nicklas Backstrom wins face-off versus Frans Nielsen in Coyotes zone.
17:37 of 1st period - Minor Penalty to Ryan Suter for Roughing.
17:38 of 1st period - Evgeni Malkin wins face-off versus Tim Connolly in Capitals zone.
17:47 of 1st period - Wrist shot by Denis Grebeshkov.
17:47 of 1st period - Shot Misses the Net.
18:25 of 1st period - Joe Corvo is hit by Marian Gaborik and loses puck.
19:26 of 1st period - Brian Rafalski is hit by Frans Nielsen and loses puck.
19:37 of 1st period - Penalty to Ryan Suter is over, Ryan Suter is back on ice.
19:59 of 1st period - Snap shot by Ryan Suter.
19:59 of 1st period - Stopped by Ryan Miller with a rebound.
2nd period
0:01 of 2nd period - Tim Connolly wins face-off versus Nicklas Backstrom in neutral zone.
0:06 of 2nd period - Wrist shot by Marian Gaborik.
0:06 of 2nd period - Stopped by Niklas Backstrom without a rebound.
0:07 of 2nd period - Tim Connolly wins face-off versus Nicklas Backstrom in Capitals zone.
1:03 of 2nd period - Slapshot by Denis Grebeshkov.
1:03 of 2nd period - Shot Misses the Net.
1:12 of 2nd period - Minor Penalty to Brian Rafalski for Holding.
1:12 of 2nd period - Minor Penalty to Denis Grebeshkov for Holding.
1:13 of 2nd period - Tim Connolly wins face-off versus Evgeni Malkin in Capitals zone.
1:37 of 2nd period - Sami Lepisto is hit by Thomas Vanek and loses puck.
2:05 of 2nd period - Off-side.
2:06 of 2nd period - Chris Kunitz wins face-off versus Frans Nielsen in neutral zone.
2:13 of 2nd period - Slapshot by Nicklas Backstrom.
2:13 of 2nd period - Shot Misses the Net.
2:15 of 2nd period - Snap shot by Nicklas Backstrom.
2:15 of 2nd period - Shot Misses the Net.
2:29 of 2nd period - Brenden Morrow is hit by Anton Volchenkov and loses puck.
3:00 of 2nd period - Joe Corvo is hit by Tim Connolly and loses puck.
3:12 of 2nd period - Penalty to Brian Rafalski is over, Brian Rafalski is back on ice.
3:12 of 2nd period - Penalty to Denis Grebeshkov is over, Denis Grebeshkov is back on ice.
3:13 of 2nd period - Brooks Laich is hit by Bill Guerin and loses puck.
3:56 of 2nd period - Snap shot by Sergei Samsonov.
3:56 of 2nd period - Shot Blocked by Thomas Vanek.
4:10 of 2nd period - Wrist shot by Denis Grebeshkov.
4:10 of 2nd period - Stopped by Niklas Backstrom without a rebound.
4:11 of 2nd period - Nicklas Backstrom wins face-off versus Joël Perrault in Capitals zone.
4:16 of 2nd period - Slapshot by Brian Rafalski.
4:16 of 2nd period - Stopped by Ryan Miller with a rebound.
4:26 of 2nd period - Wrist shot by Joël Perrault.
4:26 of 2nd period - Shot Misses the Net.
4:45 of 2nd period - Snap shot by Marian Gaborik.
4:45 of 2nd period - Shot Blocked by Ryan Suter.
4:55 of 2nd period - Ryan Suter is hit by Kurt Sauer and loses puck.
5:47 of 2nd period - Riley Cote is hit by Zach Parise and loses puck.
6:55 of 2nd period - Brenden Morrow is hit by Chris Kunitz and loses puck.
7:09 of 2nd period - Off-side.
7:10 of 2nd period - Brooks Laich wins face-off versus Frans Nielsen in neutral zone.
7:27 of 2nd period - Brooks Laich is hit by Bill Guerin and loses puck.
7:48 of 2nd period - Minor Penalty to Frans Nielsen for Tripping.
7:49 of 2nd period - Chad Larose wins face-off versus Evgeni Malkin in Coyotes zone.
9:48 of 2nd period - Penalty to Frans Nielsen is over, Frans Nielsen is back on ice.
9:56 of 2nd period - Snap shot by Denis Grebeshkov.
9:56 of 2nd period - Deflect By Maxim Lapierre.
9:56 of 2nd period - Stopped by Niklas Backstrom with a rebound.
10:00 of 2nd period - Snap shot by Brenden Morrow.
10:00 of 2nd period - Stopped by Niklas Backstrom with a rebound.
10:08 of 2nd period - Snap shot by Frans Nielsen.
10:08 of 2nd period - Deflect By Maxim Lapierre.
10:08 of 2nd period - Stopped by Niklas Backstrom with a rebound.
10:12 of 2nd period - Snap shot by Brenden Morrow.
10:12 of 2nd period - Stopped by Niklas Backstrom without a rebound.
10:13 of 2nd period - Brooks Laich wins face-off versus Tim Connolly in Capitals zone.
10:30 of 2nd period - Jiri Fischer is hit by Thomas Vanek and loses puck.
10:51 of 2nd period - Snap shot by Ales Hemsky.
10:51 of 2nd period - Shot Blocked by Marian Gaborik.
10:59 of 2nd period - Wrist shot by Brenden Morrow.
10:59 of 2nd period - Stopped by Niklas Backstrom without a rebound.
11:00 of 2nd period - Nicklas Backstrom wins face-off versus Bill Guerin in Capitals zone.
11:00 of 2nd period - Nicklas Backstrom is hit by Drew Miller.
11:16 of 2nd period - Snap shot by Frans Nielsen.
11:16 of 2nd period - Shot Misses the Net.
11:36 of 2nd period - Snap shot by Bobby Ryan.
11:36 of 2nd period - Shot Misses the Net.
11:38 of 2nd period - Slapshot by Bryce Salvador.
11:38 of 2nd period - Stopped by Ryan Miller without a rebound.
11:39 of 2nd period - Frans Nielsen wins face-off versus Ales Hemsky in Coyotes zone.
11:39 of 2nd period - Minor Penalty to Brian Rafalski for Hooking.
11:39 of 2nd period - Minor Penalty to Denis Grebeshkov for Holding.
11:40 of 2nd period - Tim Connolly wins face-off versus Evgeni Malkin in Coyotes zone.
11:47 of 2nd period - Wrist shot by Tim Connolly.
11:47 of 2nd period - Shot Hit the Post.
11:49 of 2nd period - Wrist shot by Marian Gaborik.
11:49 of 2nd period - Stopped by Niklas Backstrom with a rebound.
11:51 of 2nd period - Slapshot by Lukas Krajicek.
11:51 of 2nd period - Shot Misses the Net.
12:07 of 2nd period - Evgeni Malkin is hit by Kurt Sauer and loses puck.
12:22 of 2nd period - Slapshot by Anton Volchenkov.
12:22 of 2nd period - Shot Blocked by Jiri Fischer.
13:04 of 2nd period - Lukas Krajicek is hit by Joe Corvo and loses puck.
13:39 of 2nd period - Penalty to Brian Rafalski is over, Brian Rafalski is back on ice.
13:39 of 2nd period - Penalty to Denis Grebeshkov is over, Denis Grebeshkov is back on ice.
14:16 of 2nd period - Slapshot by Braydon Coburn.
14:16 of 2nd period - Shot Misses the Net.
14:38 of 2nd period - Icing by Brian Rafalski.
14:39 of 2nd period - Brooks Laich wins face-off versus Frans Nielsen in Capitals zone.
15:30 of 2nd period - Evgeni Malkin is hit by Kurt Sauer and loses puck.
15:45 of 2nd period - Matt Irwin is hit by Brian Rafalski and loses puck.
15:52 of 2nd period - Steve Sullivan is hit by Lukas Krajicek and loses puck.
16:15 of 2nd period - Jiri Fischer is hit by Bryce Salvador and loses puck.
16:45 of 2nd period - Icing by Drew Miller.
16:46 of 2nd period - Frans Nielsen wins face-off versus Ales Hemsky in Coyotes zone.
17:38 of 2nd period - Wrist shot by Craig Adams.
17:38 of 2nd period - Stopped by Niklas Backstrom with a rebound.
17:40 of 2nd period - Slapshot by Craig Adams.
17:40 of 2nd period - Goal by Craig Adams - Coyotes : 2 - Capitals : 0.
17:41 of 2nd period - Nicklas Backstrom wins face-off versus Frans Nielsen in neutral zone.
17:44 of 2nd period - Snap shot by Nicklas Backstrom.
17:44 of 2nd period - Shot Hit the Post.
17:50 of 2nd period - Slapshot by Denis Grebeshkov.
17:50 of 2nd period - Shot Blocked by Brian Rafalski.
17:52 of 2nd period - Slapshot by Denis Grebeshkov.
17:52 of 2nd period - Shot Misses the Net.
17:54 of 2nd period - Snap shot by Drew Miller.
17:54 of 2nd period - Stopped by Niklas Backstrom with a rebound.
18:03 of 2nd period - Icing by Ryan Suter.
18:04 of 2nd period - Tim Connolly wins face-off versus Brooks Laich in Capitals zone.
18:34 of 2nd period - Minor Penalty to Evgeni Malkin for Roughing.
18:34 of 2nd period - Minor Penalty to Lukas Krajicek for High sticking.
18:35 of 2nd period - Tim Connolly wins face-off versus Chris Kunitz in Coyotes zone.
18:50 of 2nd period - Snap shot by Marian Gaborik.
18:50 of 2nd period - Stopped by Niklas Backstrom without a rebound.
18:51 of 2nd period - Tim Connolly wins face-off versus Chris Kunitz in Capitals zone.
19:16 of 2nd period - Snap shot by Zach Parise.
19:16 of 2nd period - Shot Misses the Net.
19:35 of 2nd period - Bryce Salvador is hit by Sami Lepisto and loses puck.
3rd period
0:01 of 3rd period - Tim Connolly wins face-off versus Chris Kunitz in neutral zone.
0:20 of 3rd period - Kurt Sauer is hit by Brian Rafalski and loses puck.
0:31 of 3rd period - Snap shot by Denis Grebeshkov.
0:31 of 3rd period - Shot Blocked by Ryan Suter.
0:34 of 3rd period - Penalty to Evgeni Malkin is over, Evgeni Malkin is back on ice.
0:34 of 3rd period - Penalty to Lukas Krajicek is over, Lukas Krajicek is back on ice.
0:39 of 3rd period - Frans Nielsen is hit by Zach Parise.
0:50 of 3rd period - Snap shot by Nicklas Backstrom.
0:50 of 3rd period - Shot Misses the Net.
0:52 of 3rd period - Snap shot by Nicklas Backstrom.
0:52 of 3rd period - Stopped by Ryan Miller without a rebound.
0:53 of 3rd period - Brooks Laich wins face-off versus Maxim Lapierre in Coyotes zone.
1:37 of 3rd period - Slapshot by Joe Corvo.
1:37 of 3rd period - Deflect By Frans Nielsen.
1:37 of 3rd period - Stopped by Ryan Miller with a rebound.
1:55 of 3rd period - Icing by Craig Adams.
1:56 of 3rd period - Nicklas Backstrom wins face-off versus Joël Perrault in Coyotes zone.
2:01 of 3rd period - Wrist shot by Thomas Vanek.
2:01 of 3rd period - Shot Blocked by Craig Adams.
2:03 of 3rd period - Slapshot by Brooks Laich.
2:03 of 3rd period - Shot Misses the Net.
2:05 of 3rd period - Slapshot by Bobby Ryan.
2:05 of 3rd period - Stopped by Ryan Miller without a rebound.
2:06 of 3rd period - Brooks Laich wins face-off versus Brenden Morrow in Coyotes zone.
2:28 of 3rd period - Minor Penalty to Frans Nielsen for Tripping.
2:29 of 3rd period - Chad Larose wins face-off versus Evgeni Malkin in Coyotes zone.
2:42 of 3rd period - Slapshot by Brian Rafalski.
2:42 of 3rd period - Shot Blocked by Kurt Sauer.
2:44 of 3rd period - Snap shot by Bobby Ryan.
2:44 of 3rd period - Shot Misses the Net.
3:02 of 3rd period - Slapshot by Joe Corvo.
3:02 of 3rd period - Stopped by Ryan Miller with a rebound.
4:28 of 3rd period - Penalty to Frans Nielsen is over, Frans Nielsen is back on ice.
4:41 of 3rd period - Lukas Krajicek is hit by Chris Kunitz and loses puck.
5:09 of 3rd period - Steve Sullivan is hit by Bill Guerin and loses puck.
5:22 of 3rd period - Slapshot by Chad Larose.
5:22 of 3rd period - Stopped by Niklas Backstrom without a rebound.
5:23 of 3rd period - Brooks Laich wins face-off versus Maxim Lapierre in Capitals zone.
5:47 of 3rd period - Maxim Lapierre is hit by Zach Parise and loses puck.
6:02 of 3rd period - Bill Guerin is hit by Joe Corvo and loses puck.
6:07 of 3rd period - Snap shot by Peter Regin.
6:07 of 3rd period - Stopped by Ryan Miller with a rebound.
6:23 of 3rd period - Wrist shot by Steve Sullivan.
6:23 of 3rd period - Stopped by Ryan Miller with a rebound.
6:35 of 3rd period - Snap shot by Bobby Ryan.
6:35 of 3rd period - Stopped by Ryan Miller without a rebound.
6:36 of 3rd period - Joël Perrault wins face-off versus Brooks Laich in Coyotes zone.
6:58 of 3rd period - Backhand shot by Thomas Vanek.
6:58 of 3rd period - Shot Blocked by Matt Irwin.
7:02 of 3rd period - Snap shot by Thomas Vanek.
7:02 of 3rd period - Stopped by Ryan Miller with a rebound.
7:04 of 3rd period - Slapshot by Anton Volchenkov.
7:04 of 3rd period - Shot Blocked by Craig Adams.
7:06 of 3rd period - Slapshot by Brooks Laich.
7:06 of 3rd period - Stopped by Ryan Miller without a rebound.
7:07 of 3rd period - Brenden Morrow wins face-off versus Nicklas Backstrom in Coyotes zone.
7:35 of 3rd period - Snap shot by Maxim Lapierre.
7:35 of 3rd period - Goal by Maxim Lapierre - Coyotes : 3 - Capitals : 0.
7:36 of 3rd period - Brenden Morrow wins face-off versus Zach Parise in neutral zone.
7:51 of 3rd period - Wrist shot by Brenden Morrow.
7:51 of 3rd period - Stopped by Niklas Backstrom without a rebound.
7:52 of 3rd period - Frans Nielsen wins face-off versus Ales Hemsky in Capitals zone.
8:56 of 3rd period - Craig Adams is hit by Anton Volchenkov and loses puck.
10:04 of 3rd period - Wrist shot by Sergei Samsonov.
10:04 of 3rd period - Stopped by Niklas Backstrom with a rebound.
10:16 of 3rd period - Ryan Suter is hit by Joël Perrault and loses puck.
10:35 of 3rd period - Pierre-Alexandre Parenteau is hit by Kurt Sauer and loses puck.
10:44 of 3rd period - Braydon Coburn is hit by Bill Guerin and loses puck.
11:05 of 3rd period - Snap shot by Zach Parise.
11:05 of 3rd period - Shot Misses the Net.
11:25 of 3rd period - Snap shot by Thomas Vanek.
11:25 of 3rd period - Stopped by Ryan Miller with a rebound.
11:55 of 3rd period - Wrist shot by Chris Kunitz.
11:55 of 3rd period - Stopped by Ryan Miller with a rebound.
11:57 of 3rd period - Wrist shot by Chris Kunitz.
11:57 of 3rd period - Goal by Chris Kunitz - Coyotes : 3 - Capitals : 1.
11:58 of 3rd period - Nicklas Backstrom wins face-off versus Frans Nielsen in neutral zone.
11:58 of 3rd period - Nicklas Backstrom is hit by Bill Guerin.
12:11 of 3rd period - Denis Grebeshkov is hit by Zach Parise and loses puck.
12:29 of 3rd period - Icing by Maxim Lapierre.
12:30 of 3rd period - Brooks Laich wins face-off versus Maxim Lapierre in Coyotes zone.
12:51 of 3rd period - Slapshot by Maxim Lapierre.
12:51 of 3rd period - Shot Misses the Net.
12:53 of 3rd period - Wrist shot by Chad Larose.
12:53 of 3rd period - Stopped by Niklas Backstrom without a rebound.
12:54 of 3rd period - Nicklas Backstrom wins face-off versus Tim Connolly in Capitals zone.
13:03 of 3rd period - Sami Lepisto is hit by Zach Parise and loses puck.
13:47 of 3rd period - Slapshot by Denis Grebeshkov.
13:47 of 3rd period - Stopped by Niklas Backstrom with a rebound.
14:08 of 3rd period - Snap shot by Craig Adams.
14:08 of 3rd period - Stopped by Niklas Backstrom without a rebound.
14:09 of 3rd period - Nicklas Backstrom wins face-off versus Tim Connolly in Capitals zone.
15:47 of 3rd period - Snap shot by Bobby Ryan.
15:47 of 3rd period - Stopped by Ryan Miller with a rebound.
15:49 of 3rd period - Slapshot by Joe Corvo.
15:49 of 3rd period - Stopped by Ryan Miller with a rebound.
16:03 of 3rd period - Lukas Krajicek is hit by Joe Corvo and loses puck.
16:08 of 3rd period - Wrist shot by Thomas Vanek.
16:08 of 3rd period - Shot Misses the Net.
16:10 of 3rd period - Snap shot by Bobby Ryan.
16:10 of 3rd period - Shot Blocked by Matt Irwin.
16:12 of 3rd period - Wrist shot by Thomas Vanek.
16:12 of 3rd period - Goal by Thomas Vanek - Coyotes : 3 - Capitals : 2.
16:13 of 3rd period - Ales Hemsky wins face-off versus Maxim Lapierre in neutral zone.
16:38 of 3rd period - Ales Hemsky is hit by Denis Grebeshkov and loses puck.
17:09 of 3rd period - Wrist shot by Chad Larose.
17:09 of 3rd period - Stopped by Niklas Backstrom without a rebound.
17:10 of 3rd period - Frans Nielsen wins face-off versus Nicklas Backstrom in Capitals zone.
17:21 of 3rd period - Snap shot by Zach Parise.
17:21 of 3rd period - Shot Blocked by Frans Nielsen.
17:23 of 3rd period - Slapshot by Anton Volchenkov.
17:23 of 3rd period - Stopped by Ryan Miller with a rebound.
17:25 of 3rd period - Snap shot by Anton Volchenkov.
17:25 of 3rd period - Stopped by Ryan Miller with a rebound.
18:23 of 3rd period - Backhand shot by Brian Rafalski.
18:23 of 3rd period - Shot Misses the Net.
19:15 of 3rd period - Icing by Evgeni Malkin.
19:16 of 3rd period - Tim Connolly wins face-off versus Evgeni Malkin in Capitals zone.
19:21 of 3rd period - Backhand shot by Tim Connolly.
19:21 of 3rd period - Shot Misses the Net.
19:57 of 3rd period - Icing by Adam Hall.
19:58 of 3rd period - Adam Hall wins face-off versus Tim Connolly in Capitals zone.
Output by the SimonT Hockey Simulator (STHS) for François Prévost -- Original Page W3C XHTML 1.0 Valid